 Dungeon Crawl Stone Soup version 0.27-a0-1193-g8631133539 (webtiles) character file.

Game seed: 534231212706160291

16824 robertstho the Thaumaturge (level 12, -3/84 HPs)
             Began as a Djinni Fire Elementalist on May 26, 2021.
             Was a Believer of Makhleb.
             Slain by a boulder beetle (17 damage)
             ... on level 12 of the Dungeon.
             The game lasted 00:28:04 (18273 turns).

robertstho the Thaumaturge (DjFE)                  Turns: 18273, Time: 00:28:05

Health: -3/84      AC: 13    Str:  7    XL:     12   Next: 75%
Gold:   510        EV: 13    Int: 20    God:    Makhleb [**....] SH:  0 Dex: 16

rFire    + + +     SeeInvis +   a - +4 dagger (venom)
rCold    x . .     Faith    .   (no shield)
rNeg     . . .     Spirit   .   q - +1 leather armour of Ashenzari's Grace {rElec rF+ SInv Stlth-}
rPois    ∞         Reflect  .   v - +0 helmet
rElec    +         Harm     .   C - +1 cloak {rPois}
rCorr    .         Rampage  .   G - +0 pair of gloves
Will     +....                  (boots unavailable)
Stlth    +.........             F - amulet of the acrobat
HPRegen  0.24/turn              I - +4 ring of slaying
MPRegen  0.00/turn              D - +4 ring of protection

@: flying, studying 2 skills
A: sickness immunity, fire resistance 2, cold vulnerability 1, float, innate
caster, hp casting, extra vitality 1
a: Renounce Religion, Minor Destruction


You were on level 12 of the Dungeon.
You worshipped Makhleb.
Makhleb was pleased with you.
You visited 2 branches of the dungeon, and saw 13 of its levels.
You also visited: Ossuary.

You collected 764 gold pieces.
You spent 254 gold pieces at shops.

Inventory:

Hand Weapons
 a - a +4 dagger of venom (weapon)
 e - a +2 hand axe of pain
 k - a +1 short sword of venom
 l - the +7 hunting sling of Extermination {freeze, rF+ rC+ Will+ Dex+4}
   (You found it on level 4 of the Dungeon)

   It causes projectiles fired from it to freeze those they strike, causing
   extra injury to most foes and up to half again as much damage against
   particularly susceptible opponents.
   They can also slow down cold-blooded creatures.
   It affects your dexterity (+4).
   It protects you from fire.
   It protects you from cold.
   It increases your willpower.
 A - a +1 falchion of flaming
Missiles
 n - a curare-tipped dart
 z - 4 throwing nets
 J - 4 boomerangs of dispersal
Armour
 q - the +1 leather armour of Ashenzari's Grace (worn) {rElec rF+ SInv Stlth-}
   (You found it on level 5 of the Dungeon)

   It protects you from fire.
   It insulates you from electricity.
   It lets you see invisible.
   It makes you less stealthy.
 v - a +0 helmet (worn)
 C - a +1 cloak of poison resistance (worn)
 G - a +0 pair of gloves (worn)
 L - a +0 kite shield
Jewellery
 c - a +4 ring of evasion
 s - a +6 ring of strength
 B - a ring of resist corrosion
 D - a +4 ring of protection (right hand)
 F - an amulet of the acrobat (around neck)
 I - a +4 ring of slaying (left hand)
Wands
 f - a wand of mindburst (15)
 y - a wand of digging (7)
Scrolls
 g - 5 scrolls of fear
 o - 4 scrolls of teleportation
 p - 3 scrolls of enchant armour
 r - a scroll of vulnerability
 t - 2 scrolls of blinking
 K - a scroll of enchant weapon
 N - a scroll of fog
 O - a scroll of immolation
Potions
 b - 4 potions of attraction
 d - 2 potions of ambrosia
 h - 2 potions of flight {unknown}
 i - 2 potions of lignification {unknown}
 j - 3 potions of brilliance {unknown}
 m - 3 potions of invisibility {unknown}
 u - 3 potions of curing
 x - a potion of haste
 E - a potion of berserk rage
 H - a potion of resistance


   Skills:
 * Level 6.9 Fighting
 + Level 2.5 Short Blades
 + Level 0.7 Axes
 + Level 4.3 Armour
 + Level 4.3 Dodging
 + Level 3.3 Stealth
 * Level 13.0 Spellcasting
 * Level 3.7 Invocations


You had 7 spell levels left.
You knew the following spells:

 Your Spells              Type           Power      Damage    Failure   Level
a - Foxfire               Conj/Fire      100%       2x1d9     1%          1
b - Conjure Flame         Conj/Fire      60%        6-21      1%          3
c - Inner Flame           Hex/Fire       60%        N/A       1%          3
d - Sticky Flame          Conj/Fire      60%        2d8       1%          4
e - Fireball              Conj/Fire      30%        3d13      1%          5
f - Freeze                Ice            100%       1d11      1%          1
g - Call Imp              Summ           60%        N/A       1%          2
h - Wereblood             Tmut           60%        N/A       1%          2
i - Summon Lightning Spi  Summ/Air       60%        N/A       1%          4
j - Manifold Assault      Tloc           60%        N/A       1%          5
Your spell library was empty.

Dungeon Overview and Level Annotations

Branches:
Dungeon (12/15)            Temple (1/1) D:5            Lair (0/6) D:11
Ossuary (visited)
    Orc: D:9-12

Altars:
Ashenzari
Cheibriados
Dithmenos
Elyvilon
Fedhas
Hepliaklqana
Makhleb
Nemelex Xobeh
Ru
Sif Muna
Trog
Vehumet
Wu Jian
Zin
The Shining One

Shops:
D:12 ?

Annotations:
D:6 2 runed translucent doors


Innate Abilities, Weirdness & Mutations

You are immune to sickness and miasma.
You are immune to poison.
Your flesh is very heat resistant. (rF++)
You are vulnerable to cold. (rC-)
You float through the air rather than walking.
You learn spells naturally, not from books.
Your magical power is your life essence.
You have superior vitality. (+4 HP)


Message History

The fireball engulfs the boulder beetle.
The boulder beetle is moderately wounded.
Unknown command.
Casting: Fireball (dangerous; 1% risk of failure)
Confirm with . or Enter, or press ? or * to list all spells.
Aiming: Fireball (dangerous; 1% risk of failure)
Press: ? - help, Shift-Dir - straight line, f/p - boulder beetle
Aim: a boulder beetle (moderately wounded, rolling, ally target)
The fireball explodes!
The fireball engulfs the boulder beetle!
The boulder beetle is heavily wounded.
Unknown command.
Casting: Fireball (dangerous; 1% risk of failure)
Confirm with . or Enter, or press ? or * to list all spells.
Aiming: Fireball (dangerous; 1% risk of failure)
Press: ? - help, Shift-Dir - straight line, f/p - boulder beetle
Aim: a boulder beetle (heavily wounded, rolling, ally target) That beam is likely to hit you.
Continue anyway?
Okay, then.
Casting: Fireball (dangerous; 1% risk of failure)
Confirm with . or Enter, or press ? or * to list all spells.
Aiming: Sticky Flame (safe; 1% risk of failure)
Press: ? - help, Shift-Dir - straight line, f/p - boulder beetle
Aim: a boulder beetle (heavily wounded, rolling, ally target, 100% to hit)
The sticky flame hits the boulder beetle but does no damage.
The boulder beetle is heavily wounded.
The boulder beetle is covered in liquid flames!
The boulder beetle burns!
The boulder beetle hits you!!!
* * * LOW HITPOINT WARNING * * *
The boulder beetle stops rolling and uncurls.
The boulder beetle burns!
Casting: Sticky Flame (safe; 1% risk of failure)
Confirm with . or Enter, or press ? or * to list all spells.
Space momentarily warps into an impossible shape!
You hit the boulder beetle but do no damage.
The boulder beetle is poisoned.
* * * LOW HITPOINT WARNING * * *
The boulder beetle burns!
The boulder beetle barely misses you.
You feel better.
The boulder beetle burns!
The boulder beetle bites you!
You die...

#.≈≈# #.≈≈#
#.≈≈#
#.≈≈###########
#.≈≈≈≈≈≈≈≈≈≈≈≈≈
#.≈≈≈≈≈≈≈≈≈≈≈
#...........
##...###8#.#
#....@B.#
#######(# ...
##.# .). )).
... ...


You could see a boulder beetle (burning, very poisoned, ally target) and a
friendly lightning spire (summoned).

Vanquished Creatures
  Harold (D:7)
  A boulder beetle (D:11)
  2 hydras (D:10)
  2 two-headed ogres
  An ugly thing (D:10)
  2 deep elf pyromancers (D:10)
  A cyclops (D:6)
  A manticore (D:10)
  A yaktaur (D:10)
  A tengu conjurer (D:10)
  A kobold demonologist (D:10)
  2 trolls
  2 hornets
  2 slime creatures
  Prince Ribbit (D:9)
  2 shadows
  2 wyverns
  5 yaks
  A vampire mosquito (D:10)
  2 basilisks
  Menkaure (D:6)
  A steam dragon (D:10)
  An acid dragon (D:10)
  A water moccasin (D:6)
  3 orc warriors
  An ice beast (D:7)
  3 black bears
  2 sky beasts
  2 necrophages
  7 centaurs
  2 phantoms (D:6)
  2 kobold brigands
  A bullfrog (D:7)
  A gnoll sergeant (D:7)
  4 scorpions
  Dowan (D:6)
  3 killer bees
  15 wights
  6 howler monkeys
  2 electric eels (D:12)
  10 centaur zombies
  2 hounds
  4 jellies
  5 orc priests
  2 bullfrog skeletons
  2 bullfrog zombies
  A human zombie (Ossuary)
  2 centaur skeletons
  Crazy Yiuf (D:7)
  8 iguanas
  13 orc wizards
  A hound zombie (Ossuary)
  A hound skeleton (D:4)
  3 mummies (Ossuary)
  A howler monkey zombie (D:7)
  5 gnolls
  5 adders
  3 white imps
  An ufetubus (D:6)
  5 adder zombies (Ossuary)
  2 dart slugs (D:1)
  36 orcs
  3 ball pythons (D:2)
  7 endoplasms
  2 giant cockroaches
  2 gnoll zombies (Ossuary)
  6 goblins
  4 hobgoblins
  4 jackals
  11 kobolds
  6 quokkas
  13 bats
  3 frilled lizards
  3 goblin zombies (Ossuary)
  2 hobgoblin zombies (Ossuary)
  4 jackal zombies (Ossuary)
  3 kobold zombies (Ossuary)
  2 orc zombies (Ossuary)
  6 quokka zombies (Ossuary)
  4 rats
  2 rat zombies (Ossuary)
292 creatures vanquished.

Vanquished Creatures (collateral kills)
  A fire dragon (D:10)
  2 boulder beetles (D:11)
  A cyclops (D:10)
  Joseph (D:7)
  Duvessa (D:6)
  A crimson imp (D:5)
  2 orc wizards (D:10)
  A gnoll (D:5)
  An adder (D:6)
  4 orcs
  A kobold (D:5)
  A foxfire (D:5)
17 creatures vanquished.

Vanquished Creatures (others)
  1054 foxfires
  A fungus (D:7)
1055 creatures vanquished.

Grand Total: 1364 creatures vanquished

Notes
Turn   | Place    | Note
-------+----------+-------------------------------------------
     0 | D:1      | robertstho the Djinni Fire Elementalist began the quest for
                  | the Orb.
     0 | D:1      | Reached XP level 1. HP: 15/15 MP: 0/0
   624 | D:1      | Found a faded altar of an unknown god.
   631 | D:1      | Reached XP level 2. HP: 16/21 MP: 0/0
  1253 | D:1      | Reached skill level 3 in Spellcasting
  1556 | D:2      | Reached XP level 3. HP: 23/26 MP: 0/0
  1556 | D:2      | Learned a level 1 spell: Freeze
  1678 | D:2      | Reached skill level 1 in Fighting
  2799 | D:2      | Reached XP level 4. HP: 32/32 MP: 0/0
  3170 | D:3      | Reached XP level 5. HP: 20/37 MP: 0/0
  3170 | D:3      | Learned a level 2 spell: Call Imp
  3532 | D:3      | Reached skill level 4 in Spellcasting
  3935 | D:4      | Noticed an orc warrior
  3954 | D:4      | Killed an orc warrior
  3955 | D:4      | Reached XP level 6. HP: 26/43 MP: 0/0
  4417 | D:4      | Reached skill level 5 in Spellcasting
  4417 | D:4      | Reached XP level 7. HP: 46/49 MP: 0/0
  4417 | D:4      | Learned a level 2 spell: Wereblood
  4998 | D:4      | Found a sparkling altar of Nemelex Xobeh.
  5257 | D:4      | Identified the +7 hunting sling of Extermination {freeze,
                  | rF+ rC+ Will+ Dex+4}
  5668 | D:4      | Reached skill level 6 in Spellcasting
  5668 | D:4      | Reached XP level 8. HP: 42/55 MP: 0/0
  5791 | D:5      | Entered Level 5 of the Dungeon
  5842 | D:5      | Found a staircase to the Ecumenical Temple.
  6627 | D:5      | Reached skill level 7 in Spellcasting
  6882 | D:5      | Identified the +1 leather armour of Ashenzari's Grace
                  | {rElec rF+ SInv Stlth-}
  7146 | D:6      | Reached XP level 9. HP: 54/61 MP: 0/0
  7146 | D:6      | Learned a level 4 spell: Summon Lightning Spire
  7257 | D:6      | Reached skill level 8 in Spellcasting
  7367 | D:6      | You are sucked into a shaft and drop 3 floors!
  7964 | D:7      | Found a sand-covered staircase.
  7970 | Ossuary  | Entered an ossuary
  8230 | Ossuary  | Reached skill level 1 in Armour
  9171 | D:7      | Reached skill level 9 in Spellcasting
  9186 | D:7      | Noticed a slime creature
  9194 | D:7      | Killed a slime creature
  9195 | D:7      | Reached XP level 10. HP: 52/69 MP: 0/0
 10177 | D:7      | Noticed Harold
 10186 | D:7      | Killed Harold
 10187 | D:7      | Reached skill level 5 in Fighting
 10187 | D:7      | Reached skill level 10 in Spellcasting
 10682 | D:7      | Noticed Joseph
 10698 | D:7      | Killed Joseph
 10847 | D:7      | Found a runed translucent door.
 10848 | D:7      | Noticed Crazy Yiuf
 10855 | D:7      | Killed Crazy Yiuf
 11007 | D:6      | Noticed Menkaure
 11017 | D:6      | Killed Menkaure
 11115 | D:6      | Noticed Dowan
 11122 | D:6      | Killed Dowan
 11130 | D:6      | Noticed Duvessa
 11136 | D:6      | Killed Duvessa
 11319 | D:6      | Found a large runed translucent door.
 11319 | D:6      | Found a large runed translucent door.
 11495 | D:6      | Noticed a cyclops
 11508 | D:6      | Killed a cyclops
 11510 | D:6      | Found a large runed translucent door.
 11510 | D:6      | Found a large runed translucent door.
 11525 | D:6      | Identified the +0 scale mail of Qowom {Will+}
 11779 | D:6      | Reached skill level 1 in Short Blades
 11779 | D:6      | Reached XP level 11. HP: 21/76 MP: 0/0
 11779 | D:6      | Learned a level 5 spell: Manifold Assault
 12427 | Temple   | Entered the Ecumenical Temple
 12544 | Temple   | Became a worshipper of Makhleb the Destroyer
 12692 | D:8      | Noticed a two-headed ogre
 12698 | D:8      | Killed a two-headed ogre
 12699 | D:8      | Reached skill level 11 in Spellcasting
 13073 | D:8      | Reached skill level 1 in Invocations
 13654 | D:9      | Noticed Prince Ribbit
 13660 | D:9      | Killed Prince Ribbit
 14313 | D:10     | Entered Level 10 of the Dungeon
 14342 | D:10     | Reached * piety under Makhleb
 14359 | D:10     | Noticed a five-headed hydra
 14687 | D:10     | Noticed a deep elf pyromancer
 14693 | D:10     | Killed a deep elf pyromancer
 14755 | D:10     | Noticed a manticore
 14759 | D:10     | Killed a manticore
 14961 | D:10     | Noticed a purple ugly thing
 14964 | D:10     | Killed a purple ugly thing
 15276 | D:10     | Killed a five-headed hydra
 15277 | D:10     | Reached skill level 12 in Spellcasting
 15327 | D:10     | Noticed a fire dragon
 15338 | D:10     | Killed a fire dragon
 15339 | D:10     | Reached XP level 12. HP: 69/83 MP: 0/0
 16036 | D:10     | Noticed a five-headed hydra
 16056 | D:10     | Reached ** piety under Makhleb
 16083 | D:10     | Killed a five-headed hydra
 16926 | D:11     | Noticed a boulder beetle
 16948 | D:11     | Killed a boulder beetle
 17186 | D:11     | Noticed a two-headed ogre
 17191 | D:11     | Killed a two-headed ogre
 17329 | D:11     | Found a staircase to the Lair.
 17517 | D:11     | Noticed a boulder beetle
 17522 | D:11     | Killed a boulder beetle
 17829 | D:11     | Noticed a boulder beetle
 17836 | D:11     | Killed a boulder beetle
 17901 | D:11     | Reached skill level 13 in Spellcasting
 18125 | D:12     | Found Ukkatsups's Magic Scroll Shoppe.
 18132 | D:12     | Bought a scroll of identify for 30 gold pieces
 18132 | D:12     | Bought a scroll of identify for 30 gold pieces
 18132 | D:12     | Bought a scroll of fog for 30 gold pieces
 18132 | D:12     | Bought a scroll of identify for 30 gold pieces
 18132 | D:12     | Bought a scroll of amnesia for 52 gold pieces
 18132 | D:12     | Bought a scroll of identify for 30 gold pieces
 18132 | D:12     | Bought a scroll of immolation for 52 gold pieces
 18259 | D:12     | Noticed a boulder beetle
 18273 | D:12     | Slain by a boulder beetle

Illustrated notes

Levels and vault maps discovered:
D:1:      dpeg_cavernosity, layout_basic, basic_ecumenical_altar
D:2:      layout_basic
D:3:      layout_rooms
D:4:      layout_basic, nicolae_overflow_hidden_temple
D:5:      layout_basic, minmay_temple_entry_crystal_x, minmay_fire_ice_demons
D:6:      layout_rooms, nrook_mini_backslash, minmay_hollow_rounded_squares,
          uniq_duvessa, uniq_menkaure
D:7:      layout_basic, enter_ossuary_2, minmay_manual_monstrance,
          uniq_crazy_yiuf_cottage, uniq_harold, uniq_joseph
D:8:      layout_basic, uniq_pikel
D:9:      layout_roguey, minmay_misc_feat_tower, kennysheep_pointless_box,
          uniq_prince_ribbit1
D:10:     hangedman_cross_veins, layout_loops_ring, roderic_batcave
D:11:     layout_roguey, david_lair_generic
D:12:     layout_loops_ring, erik_orc_2, enter_bailey_4, serial_shops,
          kennysheep_mini, nicolae_shop_stone, shop_fountains,
          kennysheep_mini_moat, shop, amethyst_killhole, nicolae_elemental_shop,
          drop_trap, kennysheep_generic_room_12
Temple:   dpeg_five_rooms_temple

Skill      XL: |  1  2  3  4  5  6  7  8  9 10 11 12 |
---------------+-------------------------------------+-----
Spellcasting   | 3 4 5 6 7 9 10 12 13 | 13.0
Fighting       | 1 2 3 4 5 6 |  6.9
Stealth        | 2 3 |  3.3
Armour         | 1 3 4 |  4.3
Dodging        | 3 4 |  4.3
Short Blades   | 1 2 |  2.5
Invocations    | 2 3 |  3.7
Axes           | |  0.7

Action                   |  1- 3 |  4- 6 |  7- 9 | 10-12 || total
-------------------------+-------+-------+-------+-------++-------
Melee: Hand axe          |    13 |       |       |       ||    13
       Short sword       |       |       |     7 |    17 ||    24
       Dagger            |       |       |       |    50 ||    50
 Cast: Foxfire           |    84 |    91 |   364 |    82 ||   621
       Sticky Flame      |       |     1 |    15 |    54 ||    70
       Conjure Flame     |       |     1 |       |       ||     1
       Call Imp          |       |       |    10 |     3 ||    13
       Fireball          |       |       |     2 |   115 ||   117
       Summon Lightning  |       |       |       |    21 ||    21
       Manifold Assault  |       |       |       |     2 ||     2
  Use: Scroll            |       |       |     7 |     6 ||    13
       Potion            |       |       |       |     1 ||     1
Armor: Robe              |     3 |       |     4 |       ||     7
       Leather armour    |       |       |     9 |    42 ||    51
Dodge: Dodged            |    20 |     9 |    80 |   112 ||   221

Table legend: (Time is in decaauts)
 A = Elapsed time spent in this place.
 B = Non-inter-level travel time spent in this place.
 C = Inter-level travel time spent in this place.
 D = Time resting spent in this place.
 E = Time spent auto-exploring this place.
 F = Levels seen in this place.
 G = Mean time per level.
                   A        B        C        D        E       F      G
               +--------+--------+--------+--------+--------+-----+--------+
         Total |  18274 |  17685 |    589 |   1526 |  14017 |  14 | 1305.3 |
       Dungeon |  17206 |  16692 |    514 |   1526 |  13196 |  12 | 1433.8 |
        Temple |    191 |    117 |     74 |      0 |    113 |   1 |  191.0 |
       Ossuary |    875 |    875 |      0 |      0 |    708 |   1 |  875.0 |
               +--------+--------+--------+--------+--------+-----+--------+

Top non-repeatable levels by time:
     D:7: 2260 daAuts
    D:10: 2035 daAuts
     D:6: 1859 daAuts
     D:4: 1858 daAuts
     D:1: 1553 daAuts
     D:9: 1467 daAuts
     D:2: 1357 daAuts
     D:5: 1309 daAuts
    D:11: 1275 daAuts
     D:8: 1057 daAuts
     D:3: 1022 daAuts
 Ossuary: 875 daAuts
  Temple: 191 daAuts
    D:12: 147 daAuts
